 Dungeon Crawl Stone Soup version 0.31-a0-963-ga325b2283a (webtiles) character file.

Game seed: 12207801277629367920

65 Zonian the Vexing (level 3, 0/20 HPs)
             Began as a Deep Elf Hexslinger on Oct 24, 2023.
             Killed from afar by an orc wizard (4 damage)
             ... with a magic dart
             ... on level 3 of the Dungeon.
             The game lasted 00:03:38 (1819 turns).

Zonian the Vexing (Deep Elf Hexslinger)             Turns: 1819, Time: 00:03:39

Health: 0/20       AC:  3    Str:  5    XL:     3   Next: 94%
Magic:  8/8        EV: 13    Int: 17    God:
Gold:   74         SH:  0    Dex: 19    Spells: 4/6 levels left

rFire   + . .        i - +5 dagger of the Lamprey {venom, Stlth+}
rCold   + . .        (no shield)
rNeg    . . .        c - +0 robe
rPois   +            (no helmet)
rElec   +            m - +0 cloak
rCorr   +            (no gloves)
SInv    .            (no boots)
Will    .....        (no amulet)
Stlth   +++          (no ring)
HPRegen 0.23/turn    (no ring)
MPRegen 0.11/turn

%: no passive effects
@: resistant
A: no striking features
a: no special abilities


You were on level 3 of the Dungeon.
You visited 1 branch of the dungeon, and saw 3 of its levels.

You collected 74 gold pieces.

Inventory:

Hand Weapons
 a - a +1 sling
 i - the +5 dagger of the Lamprey (weapon) {venom, Stlth+}
   (You found it on level 2 of the Dungeon)

   Stlth+:    It makes you more stealthy.
Armour
 c - a +0 robe (worn)
 m - a +0 cloak (worn)
Jewellery
 e - a ring of see invisible
Scrolls
 b - a scroll of poison
 d - 2 scrolls of identify {unknown}
 g - a scroll of fear {unknown}
 h - a scroll of amnesia {unknown}
 j - 2 scrolls of vulnerability {unknown}
 l - a scroll of teleportation {unknown}
 n - a scroll of torment {unknown}
Potions
 k - a potion of degeneration {unknown}


   Skills:
 + Level 1.5 Fighting
 + Level 0.7 Short Blades
 - Level 3.3 Ranged Weapons
 + Level 3.3 Dodging
 - Level 2.0 Spellcasting
 + Level 4.6 Hexes
 - Level 1.1 Fire Magic


You had 4 spell levels left.
You knew the following spells:

 Your Spells              Type           Power      Damage    Failure   Level
a - Jinxbite              Hex            34%        N/A       4%          2

Your spell library contained the following spells:

 Spells                   Type           Power      Damage    Failure   Level
 Sigil of Binding         Hex            17%        N/A       9%          3
 Apportation              Tloc           2%         N/A       19%         1
 Necrotise                Necr           4%         1d4       19%         1
 Summon Small Mammal      Summ           4%         N/A       19%         1
 Inner Flame              Hex/Fire       11%        N/A       19%         3
 Cause Fear               Hex            8%         N/A       28%         4
 Dimensional Bullseye     Hex/Tloc       4%         N/A       58%         4


Dungeon Overview and Level Annotations

Branches:
Dungeon (3/15)

Altars:
Fedhas

Shops:
D:2 [

Annotations:
D:1 1 transporter


Message History

The +5 dagger of the Lamprey {venom, Stlth+} begins to drip with poison!
i - the +5 dagger of the Lamprey (weapon)
{venom, Stlth+} Unknown command.
You hit the orc.
The orc is severely wounded.
The orc closely misses you.
You hit the orc.
The orc is poisoned.
The orc is almost dead.
You kill the orc!
The orc wizard mumbles some strange words.
The orc wizard flickers and vanishes!
Deactivating autopickup; reactivate with Ctrl-A.
Unknown command.
You barely miss the orc. The orc barely misses you.
You hit the orc.
The orc is poisoned.
The orc is moderately wounded.
The orc hits you with a +0 dagger.
Unknown command.
You closely miss the orc.
The orc is heavily wounded.
The orc hits you with a +0 dagger.
You hit the orc.
You kill the orc!
A magic dart appears from out of thin air!
The magic dart hits you.
* * * LOW HITPOINT WARNING * * *
Unknown command.
It was a potion of resistance.
You feel protected.
You closely miss something. You barely miss something.
You hear some strange, mumbled words.
Something tries to affect you, but you resist.
You miss something. Something hits you.
* * * LOW HITPOINT WARNING * * *
You hit something.
You hear some strange, mumbled words.
A magic dart appears from out of thin air!
The magic dart hits you.
You die...

# #.#### ####
#....# .... #{#
###### #@#
#..... #.#
#.#### #.# #.#
#.###########.#
#..........†..#
###############


There were no monsters in sight!

Vanquished Creatures
  3 adders (D:2)
  3 orcs
  A ball python (D:2)
  4 endoplasms
  5 giant cockroaches (D:1)
  5 goblins
  A quokka (D:2)
  6 bats
  2 rats (D:2)
30 creatures vanquished.

Notes
Turn   | Place    | Note
-------+----------+-------------------------------------------
     0 | D:1      | Zonian the Deep Elf Hexslinger began the quest for the Orb.
     0 | D:1      | Reached XP level 1. HP: 11/11 MP: 5/5
   207 | D:1      | Reached skill level 1 in Fighting
   335 | D:1      | Reached XP level 2. HP: 16/16 MP: 6/6
   558 | D:2      | Reached XP level 3. HP: 20/20 MP: 8/8
   569 | D:2      | Identified the +5 dagger of the Lamprey {venom, Stlth+}
   837 | D:2      | Found Giseruf's Antique Armour Boutique.
   847 | D:2      | Found a blossoming altar of Fedhas.
   879 | D:2      | Learned a level 2 spell: Jinxbite
  1819 | D:3      | Killed from afar by an orc wizard

Illustrated notes

Levels and vault maps discovered:
D:1:      spicycebolla_arrival_risky_transporter, layout_rooms,
          minmay_worlds_worst_comb
D:2:      layout_basic, serial_shops, nicolae_shop_peninsula, basic_altar
D:3:      layout_basic, nicolae_tso_besieged_by_evil, hangedman_decor_growths

Skill      XL: |  1  2  3 |
---------------+----------+-----
Fighting       | 1 |  1.5
Ranged Weapons | 3 |  3.3
Spellcasting   | 2 |  2.0
Dodging        | 3 |  3.3
Short Blades   | |  0.7
Hexes          | |  4.6
Fire Magic     | |  1.1

Action                     || total
---------------------------++-------
  Melee: Dagger            ||    22
   Fire: Sling             ||    84
    Use: Potion            ||     1
   Stab: Sleeping          ||     1
 Armour: Robe              ||    35
  Dodge: Dodged            ||    41

Table legend: (Time is in decaauts)
 A = Elapsed time spent in this place.
 B = Non-inter-level travel time spent in this place.
 C = Inter-level travel time spent in this place.
 D = Time resting spent in this place.
 E = Time spent auto-exploring this place.
 F = Levels seen in this place.
 G = Mean time per level.
                   A        B        C        D        E       F      G
               +--------+--------+--------+--------+--------+-----+--------+
         Total |   1835 |   1809 |     26 |    369 |   1174 |   3 |  611.7 |
       Dungeon |   1835 |   1809 |     26 |    369 |   1174 |   3 |  611.7 |
               +--------+--------+--------+--------+--------+-----+--------+

Top non-repeatable levels by time:
     D:2: 1312 daAuts
     D:1: 436 daAuts
     D:3: 86 daAuts
